 Dungeon Crawl Stone Soup version 0.16.2-2-g470672f (webtiles) character file.

2413 dvd the Grappler (level 9, -2/132 HPs)
             Began as a Troll Berserker on Aug 28, 2015.
             Was an Elder of Trog.
             Slain by a warg (6 damage)
             ... on level 7 of the Dungeon.
             The game lasted 01:08:44 (6021 turns).

dvd the Grappler (Troll Berserker)                  Turns: 6021, Time: 01:08:45

Health: -2/132     AC:  8    Str: 37    XL:     9   Next: 23%
Magic:  4/4        EV: 11    Int:  4    God:    Trog [****..]
Gold:   402        SH:  0    Dex: 10    Spells: 0 memorised, 8 levels left

rFire  + . .     SeeInvis +       - Unarmed
rCold  + . .     Clarity  .     E - +2 robe
rNeg   . . .     SustAb   .     (shield restricted)
rPois  .         Gourm    +     (helmet restricted)
rElec  .         Spirit   .     z - +0 cloak of the Heron {rC+ Str+4 Stlth+}
rCorr  .         Warding  .     (gloves unavailable)
rMut   .         Stasis   .     (boots unavailable)
MR     .....                    (no amulet)
Stlth  ..........               x - ring of see invisible
                                y - ring of protection from fire

@: berserking, very quick, not resistant to hostile enchantments, extremely
unstealthy
A: unfitting armour, claws 3, fast metabolism 3, gourmand, regeneration 2,
shaggy fur 1, tough skin 2
a: Burn Spellbooks, Berserk, Trog's Hand, Brothers in Arms, Renounce Religion


You were on level 7 of the Dungeon.
You worshipped Trog.
Trog was greatly pleased with you.
You were very full.

You visited 2 branches of the dungeon, and saw 8 of its levels.

You collected 402 gold pieces.

Inventory:

Hand weapons
 t - a +3 quarterstaff of chaos
 v - a +0 dagger of electrocution
 C - a +2 trident of protection
 D - a +1 mace of crushing
Missiles
 g - 5 javelins (quivered)
 q - 71 arrows
Armour
 e - a +0 robe
 h - a +0 large shield
 z - the +0 cloak of the Heron (worn) {rC+ Str+4 Stlth+}
   (You found it on level 4 of the Dungeon)

   It affects your strength (+4).
   It protects you from cold.
   It makes you more stealthy.
 E - a +2 robe (worn)
Jewellery
 i - an uncursed ring of teleportation
 r - an uncursed ring of fire
 x - a ring of see invisible (right claw)
 y - a ring of protection from fire (left claw)
 A - an uncursed ring of teleport control
Magical devices
 F - a wand of random effects (38)
Scrolls
 b - a scroll of noise {unknown}
 c - 3 scrolls of remove curse
 f - 2 scrolls of teleportation
 j - a scroll of recharging
 l - 3 scrolls of identify
 o - 2 scrolls of blinking
 w - a scroll of fog
Potions
 d - a potion of curing
 B - 2 potions of restore abilities
Comestibles
 a - 7 meat rations
 m - 2 bread rations
 n - 2 beef jerkies
 s - 5 fruits


   Skills:
 + Level 5.4 Fighting
 + Level 2.0 Armour
 + Level 5.8 Dodging
 + Level 2.4 Stealth
 + Level 8.2 Unarmed Combat


You had 8 spell levels left.
You didn't know any spells.

Dungeon Overview and Level Annotations

Branches:
Dungeon (7/15)             Temple (1/1) D:6

Altars:
Ashenzari
Cheibriados
Elyvilon
Fedhas
Gozag
Kikubaaqudgha
Nemelex Xobeh
Okawaru
Qazlal
Ru
Sif Muna
Trog
Xom
Yredelemnul
The Shining One

Shops:
D:4 =((


Innate Abilities, Weirdness & Mutations

You are too large for most types of armour.
You have claws for hands.
Your metabolism is lightning-fast.
You like to eat raw meat.
You heal very quickly.
You are covered in fur (AC +1).
You have very tough skin (AC +2).


Message History

The warg misses you. The warg barely misses you.
You scratch the warg but do no damage.
The warg is almost dead.
The warg bites you! The warg barely misses you.
You scratch the warg.
The warg is almost dead.
The warg bites you!
* * * LOW HITPOINT WARNING * * *
The warg bites you!
* * * LOW HITPOINT WARNING * * *
Press: ? - help, v - describe, . - travel
Here: a warg The floor.
Use which ability? (? or * to list)
A red film seems to cover your vision as you go berserk!
You feel yourself moving faster!
You feel mighty!
You feel somewhat less full. The warg bites you!
* * * LOW HITPOINT WARNING * * *
The warg barely misses you. The warg bites you.
You die...

###################
.......h....P......#
....P..h@..........#
≈≈≈≈≈≈≈≈≈≈≈≈≈≈≈....#
≈≈≈≈≈≈≈≈≈≈≈≈≈≈....#
≈≈≈≈≈≈≈#####≈≈....#
.......#.oo#≈≈....#
#####+#...#≈≈....#
#+###≈≈....#
#.≈≈≈....#
#.≈≈≈....#


You could see 2 wargs and 2 orcs.

Vanquished Creatures
  The ghost of poirepourri the Quickloader, an experienced FoHu of Okawaru (D:5)
  5 wargs (D:7)
  Edmund (D:5)
  A water moccasin (D:5)
  A sky beast (D:5)
  An ice beast (D:5)
  3 ogres
  A wyvern skeleton (D:6)
  A crimson imp (D:5)
  A centaur zombie (D:3)
  A goliath beetle (D:6)
  2 iguanas (D:5)
  Crazy Yiuf (D:2)
  2 orc wizards (D:4)
  2 hounds
  2 orc priests (D:4)
  8 worker ants
  A hound skeleton (D:4)
  A hound zombie (D:5)
  Terence (D:2)
  4 adders
  A shadow imp (D:5)
  A giant mite (D:2)
  A worm (D:5)
  An adder skeleton (D:6)
  3 giant geckos (D:3)
  2 oozes
  10 orcs
  2 bat skeletons
  A bat zombie (D:6)
  3 giant cockroaches
  12 goblins
  14 hobgoblins
  2 ball pythons
  11 bats
  A giant cockroach zombie (D:6)
  A giant gecko skeleton (D:5)
  7 giant newts
  4 jackals (D:6)
  6 kobolds
  8 quokkas
  A quokka zombie (D:6)
  15 rats
  6 butterflies (D:6)
  A toadstool (D:1)
155 creatures vanquished.

Vanquished Creatures (others)
  4 toadstools (D:1)
4 creatures vanquished.

Grand Total: 159 creatures vanquished

Notes
Turn   | Place    | Note
--------------------------------------------------------------
     0 | D:1      | dvd, the Troll Berserker, began the quest for the Orb.
     0 | D:1      | Reached XP level 1. HP: 22/22 MP: 1/1
   277 | D:1      | Reached XP level 2. HP: 27/29 MP: 1/1
  1223 | D:2      | Reached XP level 3. HP: 36/36 MP: 2/2
  1434 | D:2      | Acquired Trog's second power
  1670 | D:2      | Noticed Terence
  1678 | D:2      | Killed Terence
  1892 | D:2      | Noticed Crazy Yiuf
  1897 | D:2      | Killed Crazy Yiuf
  1897 | D:2      | Reached skill level 4 in Unarmed Combat
  1897 | D:2      | Reached XP level 4. HP: 39/44 MP: 0/2
  2201 | D:3      | Reached XP level 5. HP: 43/53 MP: 2/2
  2595 | D:4      | Got a shimmering cloak
  2601 | D:4      | Identified the cursed +0 cloak of the Heron {rC+ Str+4 Stlth+} (You found it on level 4 of the Dungeon)
  2772 | D:4      | Noticed an ogre
  2780 | D:4      | Killed an ogre
  2868 | D:4      | Reached skill level 5 in Unarmed Combat
  2868 | D:4      | Reached XP level 6. HP: 59/61 MP: 3/3
  3139 | D:4      | Found Lol Pro's Weapon Shop.
  3166 | D:4      | Found Miuwus' Jewellery Shoppe.
  3226 | D:4      | Found Blymaoqu's Weapon Boutique.
  3345 | D:4      | Found an opulent altar of Gozag.
  3345 | D:4      | Found a sparkling altar of Nemelex Xobeh.
  3555 | D:5      | Entered Level 5 of the Dungeon
  3617 | D:5      | Reached skill level 1 in Stealth
  3617 | D:5      | Reached XP level 7. HP: 59/68 MP: 3/3
  4068 | D:5      | Reached skill level 6 in Unarmed Combat
  4080 | D:5      | Noticed poirepourri's ghost (experienced FoHu)
  4111 | D:5      | Killed poirepourri's ghost
  4111 | D:5      | Reached XP level 8. HP: 74/79 MP: 3/3
  4422 | D:5      | Noticed a water moccasin
  4429 | D:5      | Killed a water moccasin
  4429 | D:5      | Reached skill level 7 in Unarmed Combat
  4562 | D:5      | Noticed Edmund
  4571 | D:5      | Killed Edmund
  4571 | D:5      | Acquired Trog's third power
  4571 | D:5      | Reached skill level 5 in Fighting
  4919 | D:6      | Reached skill level 5 in Dodging
  5008 | D:6      | Found a staircase to the Ecumenical Temple.
  5063 | Temple   | Entered the Ecumenical Temple
  5400 | D:6      | Found a stormy altar of Qazlal.
  5821 | D:7      | Reached XP level 9. HP: 64/88 MP: 4/4
  5830 | D:7      | Reached skill level 8 in Unarmed Combat
  6021 | D:7      | HP: 4/132 [warg (15)]
  6021 | D:7      | Slain by a warg

Action                   |  1- 3 |  4- 6 |  7- 9 || total
-------------------------+-------+-------+-------++-------
Melee: Unarmed           |    90 |   145 |   206 ||   441
       Trident           |       |     3 |       ||     3
Throw: Javelin           |     1 |       |     3 ||     4
Invok: Berserk           |     2 |     3 |     4 ||     9
       Burn Spellbooks   |       |     2 |     1 ||     3
  Use: Scroll            |       |    10 |     2 ||    12
       Potion            |       |       |     6 ||     6
 Stab: Sleeping          |       |     2 |     2 ||     4
  Eat: Chunk             |    20 |    21 |    26 ||    67
